 Dungeon Crawl Stone Soup version 0.27.1-34-g3ba077fa99 (webtiles) character file.

Game seed: 6464294491379757769

29552 Sharkman1231 the Destroyer (level 13, -6/101 HPs)
             Began as a Demonspawn Conjurer on Jan 18, 2022.
             Was a High Priest of Vehumet.
             Mangled by a freezing wraith (18 damage)
             ... summoned by an orange crystal statue
             ... in an ice cave on Jan 19, 2022.
             The game lasted 00:25:50 (14573 turns).

Sharkman1231 the Destroyer (Demonspawn Conjurer)   Turns: 14573, Time: 00:25:51

Health: -6/101     AC: 12    Str: 12    XL:     13   Next: 15%
Magic:  0/23       EV: 15    Int: 26    God:    Vehumet [*****.]
Gold:   1579       SH:  5    Dex: 16    Spells: 14/26 levels left

rFire    . . .     SeeInvis +   a - +7 dagger "Icvaiblarust" {venom, Fragile Str+2 SInv}
rCold    . . .     Faith    .   E - +0 buckler
rNeg     . . .     Spirit   +   I - +0 troll leather armour
rPois    .         Reflect  .   (helmet restricted)
rElec    .         Harm     .   L - +1 cloak
rCorr    .         Rampage  .   z - +0 pair of gloves
Will     .....                  S - +0 pair of boots
Stlth    +++.......             K - amulet of regeneration
HPRegen  3.26/turn              F - +4 ring of protection
MPRegen  0.36/turn              h - +6 ring of intelligence

@: slowed, very slow
A: horns 2, thin skeletal structure 1, powered by death 2, magic shield, magic
regeneration
a: Renounce Religion


You were in an ice cave.
You worshipped Vehumet.
Vehumet was extremely pleased with you.
You visited 2 branches of the dungeon, and saw 15 of its levels.
You also visited: Ice Cave.

You collected 1579 gold pieces.

Inventory:

Hand Weapons
 a - the +7 dagger "Icvaiblarust" (weapon) {venom, Fragile Str+2 SInv}
   (You found it on level 4 of the Dungeon)

   It poisons the flesh of those it strikes.
   Str:       It affects your strength (+2).
   SInv:      It lets you see invisible.
   Fragile:   It will be destroyed if unequipped.
 p - a +2 quarterstaff of chaos
Missiles
 f - a throwing net
Armour
 z - a +0 pair of gloves (worn)
 E - a +0 buckler (worn)
 I - a +0 troll leather armour (worn)
 L - a +1 cloak (worn)
 S - a +0 pair of boots (worn)
Jewellery
 h - a +6 ring of intelligence (right hand)
 j - an amulet of reflection
 s - a ring of magical power
 F - a +4 ring of protection (left hand)
 H - a ring of resist corrosion
 K - an amulet of regeneration (around neck)
 P - a +4 ring of slaying
Wands
 m - a wand of iceblast (13)
 u - a wand of polymorph (26)
 A - a wand of paralysis (3)
 C - a wand of flame (56)
Scrolls
 b - 3 scrolls of fog {unknown}
 d - 7 scrolls of teleportation
 i - 2 scrolls of magic mapping
 l - a scroll of amnesia
 q - 7 scrolls of immolation
 w - 6 scrolls of enchant armour
 x - a scroll of enchant weapon
 y - 3 scrolls of fear
 G - a scroll of torment
 M - a scroll of silence
 O - 2 scrolls of vulnerability
Potions
 c - a potion of flight
 e - a potion of invisibility
 g - 3 potions of mutation
 k - 2 potions of magic
 n - 7 potions of curing
 o - a potion of ambrosia
 r - a potion of heal wounds
 v - a potion of attraction
 B - a potion of lignification
 D - 2 potions of resistance
 J - 3 potions of cancellation
Miscellaneous
 R - a phantom mirror (inert)


   Skills:
 + Level 9.6 Fighting
 + Level 9.6 Short Blades
 - Level 8.0 Dodging
 + Level 3.7 Stealth
 - Level 4.0 Shields
 - Level 7.0 Spellcasting
 - Level 12.0 Conjurations
 - Level 5.0 Translocations


You had 14 spell levels left.
You knew the following spells:

 Your Spells              Type           Power      Damage    Failure   Level
a - Magic Dart            Conj           100%       1d8       1%          1
b - Searing Ray           Conj           100%       3d7       1%          2
c - Iskenderun's Mystic   Conj/Tloc      52%        2d11      1%          4
d - Iskenderun's Battles  Conj           64%        2d11      1%          5

Your spell library contained the following spells:

 Spells                   Type           Power      Damage    Failure   Level
 Sticky Flame             Conj/Fire      40%        2d6       1%          4
 Dazzling Flash           Conj/Hex       80%        N/A       1%          3
 Fulminant Prism          Conj/Hex       20%        3d13      1%          4
 Bolt of Magma            Conj/Fire/Erth 14%        4d8       11%         5
 Sublimation of Blood     Necr           4%         N/A       12%         2
 Wereblood                Tmut           9%         N/A       12%         2
 Ozocubu's Armour         Ice            9%         N/A       24%         3
 Dispel Undead            Necr           9%         3d8       61%         4
 Leda's Liquefaction      Hex/Erth       4%         N/A       61%         4
 Metabolic Englaciation   Hex/Ice        4%         N/A       91%         5
 Death Channel            Necr           4%         N/A       100%        6
 Simulacrum               Ice/Necr       4%         N/A       100%        6
 Statue Form              Tmut/Erth      6%         N/A       100%        6
 Malign Gateway           Summ/Tloc      11%        N/A       100%        7
 Summon Hydra             Summ           4%         N/A       100%        7
 Borgnjor's Revivificati  Necr           4%         N/A       100%        8
 Summon Horrible Things   Summ           4%         N/A       100%        8


Dungeon Overview and Level Annotations

Branches:
Dungeon (14/15)            Temple (1/1) D:7            Lair (0/6) D:11
    Orc (0/2) D:12          IceCv (1/1)
 Vaults: D:13-14

Altars:
Ashenzari
Cheibriados
Dithmenos
Elyvilon
Fedhas
Gozag
Hepliaklqana
Kikubaaqudgha
Makhleb
Nemelex Xobeh
Okawaru
Qazlal
Ru
Sif Muna
Trog
Uskayaw
Vehumet
Wu Jian
Xom
Yredelemnul
Zin
The Shining One

Shops:
D:1 [   D:3 (

Annotations:
D:9 3 runed translucent doors IceCv 1 transporter, exclusion: orange crystal statue


Innate Abilities, Weirdness & Mutations

You have a pair of horns on your head.
You have a somewhat thin skeletal structure. (Dex +2, Stealth+)
You regenerate health from kills.
When hurt, damage is shared between your health and your magic reserves.
You regenerate magic rapidly.


Message History

Aim: a white very ugly thing (chance to affect: 28%)
The white very ugly thing suddenly stops moving!
The helpless white very ugly thing fails to defend itself.
You perforate the white very ugly thing like a sieve!!!
The white very ugly thing looks as sick as possible!
The white very ugly thing is severely wounded.
The helpless white very ugly thing fails to defend itself.
You spit the white very ugly thing like a pig!!!
You kill the white very ugly thing!
Vehumet accepts your kill.
You see here a very ugly thing corpse.
w - 6 scrolls of enchant armour (gained 1)
You now have 1543 gold pieces (gained 24).
You now have 1561 gold pieces (gained 18).
Found four items.
Found an ice covered gate leading back out of this place.
Found a transporter.
Marking area around an orange crystal statue as unsafe for travelling.
You now have 1579 gold pieces (gained 18).
There is a transporter here.
You enter the transporter and appear at another place.
The white very ugly thing gores you! The white very ugly thing freezes you!!
The freezing wraith completely misses you.
The freezing wraith hits you. The freezing wraith closely misses you.
The freezing wraith hits you.
The orange crystal statue glitters.
Unknown command.
Okay, then.
Unknown command.
Okay, then.
The white very ugly thing gores you!
The white very ugly thing freezes you!!!
* * * LOW HITPOINT WARNING * * *
The freezing wraith misses you. The freezing wraith hits you.
* * * LOW HITPOINT WARNING * * *
The freezing wraith drains your vigour!
You feel yourself slow down. The freezing wraith hits you!
* * * LOW HITPOINT WARNING * * *
The freezing wraith freezes you!!
You die...

### ##### #©.#
###...####
#..8####........##
#...8##..........##
#....8#...........##
#?....#....8†......#
#[(W@W#8...........#
#8:.uW#§©......∩.∩.#
#:)...#8.).........#
#).Z..#.[..8.......#
#....8#...........##
#...8##..........##
#..8####........##
#∩.# ###...#### ###
#####


You could see a white very ugly thing, an orange crystal statue, 3 freezing
wraiths and a seven-headed hydra simulacrum (summoned).

Vanquished Creatures
  A very ugly thing (IceCv)
  The ghost of bearfacebrad the Spear-Bearer, a journeyman HuFi of Okawaru (D:11)
  A boulder beetle (D:6)
  3 hydras
  2 centaur warriors
  5 two-headed ogres
  A deep elf pyromancer (D:13)
  4 manticores
  3 ugly things
  2 cyclopes
  Maurice (D:8)
  3 gargoyles
  An unseen horror (D:11)
  A komodo dragon (D:11)
  A kobold demonologist (D:12)
  A golden dragon simulacrum (IceCv)
  A tengu conjurer (D:14)
  3 trolls
  A jumping spider (shapeshifter) (D:13)
  Grinder (D:5)
  Sigmund (D:2)
  A vampire (D:10)
  2 shadows
  2 wraiths (D:11)
  Grum (D:8)
  16 yaks
  A basilisk (shapeshifter) (D:14)
  A wyvern (D:10)
  6 vampire mosquitoes (D:10)
  3 acid dragons
  Duvessa (D:5)
  A sky beast (D:8)
  A black bear (shapeshifter) (D:13)
  7 orc warriors
  An ice beast (D:6)
  A necrophage (D:6)
  2 black bears
  3 ogres
  3 wolves (D:8)
  A wolf (shapeshifter) (D:11)
  9 centaurs
  2 phantoms (D:5)
  Blork the orc (D:6)
  3 kobold brigands
  6 bullfrogs
  A gnoll sergeant (D:6)
  A scorpion (D:6)
  A water moccasin skeleton (D:6)
  A lindwurm simulacrum (IceCv)
  10 wights
  17 killer bees
  2 howler monkeys
  A bullfrog zombie (D:6)
  8 centaur zombies
  7 orc priests
  3 hounds
  2 jellies (D:6)
  3 bullfrog skeletons
  Crazy Yiuf (D:2)
  A centaur skeleton (D:4)
  5 iguanas
  8 orc wizards
  2 hell rats (D:8)
  A killer bee zombie (D:8)
  2 hound skeletons
  A mummy (D:5)
  8 adders
  9 gnolls
  11 river rats (D:8)
  An ufetubus (D:5)
  2 worms
  2 dart slugs
  30 orcs
  2 bats
  2 endoplasms (D:1)
  10 hobgoblins
  11 jackals
  15 kobolds
  8 quokkas
  5 ball pythons
  A frilled lizard (D:1)
  14 goblins
  24 rats
  A butterfly (D:7)
347 creatures vanquished.

Vanquished Creatures (collateral kills)
  A hydra (D:11)
  A caustic shrike simulacrum (IceCv)
  A harpy simulacrum (IceCv)
  A hydra simulacrum (IceCv)
  An alligator simulacrum (IceCv)
5 creatures vanquished.

Vanquished Creatures (others)
  An unseen horror (D:11)
  A hydra simulacrum (IceCv)
  An ettin simulacrum (IceCv)
  5 plants (D:11)
8 creatures vanquished.

Grand Total: 360 creatures vanquished

Notes
Turn   | Place    | Note
-------+----------+-------------------------------------------
     0 | D:1      | Sharkman1231 the Demonspawn Conjurer began the quest for
                  | the Orb.
     0 | D:1      | Reached XP level 1. HP: 13/13 MP: 3/3
   235 | D:1      | Found Noggeh's Antique Armour Boutique.
   249 | D:1      | Gained mutation: You regenerate magic rapidly. [demonic
                  | ancestry]
   249 | D:1      | Reached XP level 2. HP: 19/19 MP: 0/5
   541 | D:1      | Learned a level 2 spell: Searing Ray
   633 | D:1      | Found a faded altar of an unknown god.
  1028 | D:1      | Gained mutation: You have a pair of small horns on your
                  | head. [demonic ancestry]
  1028 | D:1      | Reached XP level 3. HP: 24/24 MP: 3/6
  1093 | D:1      | Reached skill level 5 in Conjurations
  1254 | D:2      | Found a stormy altar of Qazlal.
  1438 | D:2      | Noticed Sigmund
  1442 | D:2      | Killed Sigmund
  1443 | D:2      | Reached skill level 6 in Conjurations
  1443 | D:2      | Reached XP level 4. HP: 30/30 MP: 2/8
  1443 | D:2      | Gained mutation: You regenerate a little health from kills.
                  | [demonic ancestry]
  1443 | D:2      | Reached XP level 5. HP: 35/35 MP: 2/9
  1823 | D:2      | Found a runed translucent door.
  1824 | D:2      | Noticed Crazy Yiuf
  1858 | D:2      | Killed Crazy Yiuf
  1955 | D:3      | Gained mutation: You have a pair of horns on your head.
                  | [demonic ancestry]
  1955 | D:3      | Reached XP level 6. HP: 33/41 MP: 11/11
  2211 | D:3      | Found Zeonweps's Weapon Boutique.
  2313 | D:3      | Found a shimmering blue altar of Sif Muna.
  2619 | D:4      | Found a burning altar of Makhleb.
  2767 | D:4      | Identified the +7 dagger "Icvaiblarust" {venom, Fragile
                  | Str+2 SInv}
  2821 | D:4      | Reached skill level 7 in Conjurations
  2825 | D:4      | Reached skill level 1 in Short Blades
  2925 | D:4      | Reached XP level 7. HP: 25/46 MP: 12/12
  3119 | D:4      | Found a shadowy altar of Dithmenos.
  3526 | D:5      | Entered Level 5 of the Dungeon
  3866 | D:5      | Noticed Duvessa
  3867 | D:5      | Noticed Dowan
  3902 | D:5      | Killed Duvessa
  4165 | D:5      | Noticed Dowan
  4165 | D:5      | Dowan changed into Dowan the howler monkey
  4176 | D:5      | Killed Dowan the howler monkey
  4177 | D:5      | Reached skill level 8 in Conjurations
  4312 | D:5      | Reached XP level 8. HP: 52/52 MP: 15/15
  4438 | D:5      | Noticed Grinder
  4467 | D:5      | Killed Grinder
  4468 | D:5      | Reached skill level 5 in Spellcasting
  4536 | D:5      | Found a snail-covered altar of Cheibriados.
  4640 | D:5      | Reached skill level 9 in Conjurations
  4768 | D:6      | Reached skill level 1 in Fighting
  5797 | D:6      | Gained mutation: You have a somewhat thin skeletal
                  | structure. (Dex +2, Stealth+) [demonic ancestry]
  5797 | D:6      | Reached XP level 9. HP: 61/63 MP: 16/16
  6013 | D:7      | Found a staircase to the Ecumenical Temple.
  6142 | Temple   | Entered the Ecumenical Temple
  6431 | Temple   | Became a worshipper of Vehumet
  6660 | D:7      | Reached skill level 5 in Short Blades
  6885 | D:7      | Reached skill level 1 in Shields
  6969 | D:6      | Noticed a cyclops
  7563 | D:7      | Found a stormy altar of Qazlal.
  7620 | D:7      | Found a hazy altar of Hepliaklqana.
  7905 | D:6      | Noticed a troll
  7916 | D:6      | Killed a troll
  7977 | D:6      | Learned a level 4 spell: Iskenderun's Mystic Blast
  8013 | D:6      | Noticed a boulder beetle
  8044 | D:6      | Killed a boulder beetle
  8045 | D:6      | Reached skill level 5 in Dodging
  8045 | D:6      | Reached skill level 1 in Translocations
  8045 | D:6      | Gained mutation: When hurt, damage is shared between your
                  | health and your magic reserves. [demonic ancestry]
  8045 | D:6      | Reached XP level 10. HP: 37/73 MP: 17/17
  8050 | D:7      | Reached skill level 5 in Fighting
  8081 | D:6      | Reached * piety under Vehumet
  8081 | D:6      | Offered knowledge of Sandblast by Vehumet.
  8110 | D:6      | Noticed Blork the orc
  8174 | D:6      | Killed a cyclops
  8238 | D:6      | Killed Blork the orc
  8270 | D:6      | Noticed a red ugly thing
  8283 | D:6      | Killed a red ugly thing
  8703 | D:8      | Noticed Maurice
  8714 | D:8      | Killed Maurice
  8715 | D:8      | Reached skill level 10 in Conjurations
  8872 | D:8      | Reached ** piety under Vehumet
  8905 | D:8      | Offered knowledge of Static Discharge by Vehumet.
  8935 | D:8      | Noticed Grum
  8946 | D:8      | Killed Grum
  9098 | D:8      | Reached XP level 11. HP: 69/81 MP: 12/18
  9203 | D:8      | Offered knowledge of Inner Flame by Vehumet.
  9208 | D:8      | Reached *** piety under Vehumet
  9229 | D:8      | Identified the amulet "Xuwko" {Faith Str+4}
  9760 | D:9      | Found a broken altar of Ashenzari.
 10041 | D:9      | Offered knowledge of Airstrike by Vehumet.
 10151 | D:9      | Found a runed translucent gate.
 10151 | D:9      | Found a runed translucent gate.
 10152 | D:9      | Found a runed translucent gate.
 10152 | D:9      | Noticed a white ugly thing
 10153 | D:9      | Noticed a purple ugly thing
 10153 | D:9      | Noticed a cyan ugly thing
 10154 | D:9      | Noticed a red ugly thing
 10154 | D:9      | Noticed a cyan ugly thing
 10155 | D:9      | Noticed a glowing orange brain
 10514 | D:10     | Entered Level 10 of the Dungeon
 10666 | D:10     | Noticed a five-headed hydra
 10687 | D:10     | Killed a five-headed hydra
 10725 | D:10     | Reached **** piety under Vehumet
 10938 | D:10     | Noticed a two-headed ogre
 10944 | D:10     | Killed a two-headed ogre
 10972 | D:10     | Got Wofeis's Tome of Evil Secrets
 10995 | D:10     | Offered knowledge of Iskenderun's Battlesphere by Vehumet.
 11424 | D:10     | Noticed a two-headed ogre
 11436 | D:10     | Killed a two-headed ogre
 11437 | D:10     | Reached skill level 5 in Translocations
 11616 | D:11     | Noticed a two-headed ogre
 11623 | D:11     | Reached skill level 11 in Conjurations
 11625 | D:11     | Killed a two-headed ogre
 11633 | D:11     | Reached XP level 12. HP: 91/91 MP: 12/21
 11640 | D:11     | Noticed an eight-headed hydra
 11686 | D:11     | Found a runed translucent gate.
 11686 | D:11     | Found a runed translucent gate.
 11686 | D:11     | Found a runed translucent gate.
 11690 | D:11     | Noticed a two-headed ogre
 11696 | D:11     | Killed a two-headed ogre
 11724 | D:11     | Noticed an 11-headed hydra
 11724 | D:11     | Noticed bearfacebrad's ghost (journeyman HuFi)
 11725 | D:11     | Noticed a 12-headed hydra
 12287 | D:11     | Killed an eight-headed hydra
 12435 | D:11     | Found a staircase to the Lair.
 12592 | D:11     | Learned a level 5 spell: Iskenderun's Battlesphere
 13001 | D:11     | Killed a 12-headed hydra
 13032 | D:11     | Killed an 11-headed hydra
 13062 | D:11     | Killed bearfacebrad's ghost
 13110 | D:11     | Identified the +1 broad axe of the Magi {elec, rElec rF+
                  | rC- rN++}
 13151 | D:12     | Noticed a two-headed ogre
 13159 | D:12     | Killed a two-headed ogre
 13732 | D:12     | Found a staircase to the Orcish Mines.
 13869 | D:13     | Noticed a death knight
 13869 | D:13     | Noticed a centaur warrior
 13905 | D:13     | Killed a centaur warrior
 14056 | D:13     | Reached skill level 12 in Conjurations
 14105 | D:13     | Gained mutation: You regenerate health from kills. [demonic
                  | ancestry]
 14105 | D:13     | Reached XP level 13. HP: 92/101 MP: 17/23
 14185 | D:13     | Noticed an ettin
 14489 | D:14     | Found a frozen archway.
 14526 | IceCv    | Entered an ice cave
 14526 | IceCv    | Noticed a white very ugly thing
 14535 | IceCv    | Found a transporter.
 14540 | IceCv    | Noticed a white very ugly thing
 14544 | IceCv    | Reached ***** piety under Vehumet
 14544 | IceCv    | Offered knowledge of Sticky Flame by Vehumet.
 14558 | IceCv    | Killed a white very ugly thing
 14567 | IceCv    | Found a transporter.
 14573 | IceCv    | Mangled by a freezing wraith

Illustrated notes

Levels and vault maps discovered:
D:1:      dpeg_arrival_ratfight, layout_loops_corners, serial_shops,
          nicolae_shop_waterfront, shapermc_ecumenical_altar_notcrosses
D:2:      layout_rooms, basic_altar, uniq_sigmund, uniq_crazy_yiuf_cottage
D:3:      layout_basic, mainiacjoe_overflow_large_starburst, serial_shops, shop,
          kennysheep_boxes
D:4:      layout_basic, lemuel_doored_altar, nicolae_overflow_hidden_temple,
          ebering_dispersal_statue_hall
D:5:      layout_rooms, chei_slow_surprise, nicolae_overflow_crystal_walls,
          uniq_grinder, uniq_duvessa
D:6:      minmay_klotski, layout_basic, minmay_ogre_servants, uniq_blork_the_orc
D:7:      layout_cave_pools, mainiacjoe_overflow_swirl,
          minmay_temple_entry_butterflies, dk_noncrumbling_2
D:8:      lemuel_ratsnest, layout_loops_ring, uniq_maurice, uniq_grum
D:9:      layout_big_octagon, evilmike_ruin_ashenzari,
          ploomutoo_gammafunk_ghost_potion_laboratory
D:10:     kennysheep_ambush_hall, layout_basic
D:11:     cheibrodos_ideogram_h, layout_loops_corners, david_lair_shrubbed,
          gammafunk_ghost_hydra_chop
D:12:     layout_loops_ring, orc_0_dummy
D:13:     layout_loops_cross, david_vaults_4
D:14:     layout_grid_maze, minmay_misc_feat_hallway,
          portal_ice_cave_entry_pillars_four, nicolae_ru_path_of_blood
Temple:   oiseaux_autumnal_temple
IceCv:    ice_cave_statue_garden_transporter

Skill      XL: |  1  2  3  4  5  6  7  8  9 10 11 12 13 |
---------------+----------------------------------------+-----
Conjurations   | 6 7 8 9 10 11 12 | 12.0
Spellcasting   | 3 4 5 6 7 |  7.0
Short Blades   | 1 2 4 5 6 7 9 |  9.6
Dodging        | 3 5 6 7 8 |  8.0
Fighting       | 3 4 6 7 9 |  9.6
Shields        | 2 4 |  4.0
Translocations | 1 3 5 |  5.0
Stealth        | 2 3 |  3.7

Action                   |  1- 3 |  4- 6 |  7- 9 | 10-12 | 13-15 || total
-------------------------+-------+-------+-------+-------+-------++-------
Melee: Unarmed           |     7 |       |       |       |       ||     7
       Headbutt          |     1 |     2 |    26 |    77 |     6 ||   112
       Quarterstaff      |       |     6 |       |       |       ||     6
       Dagger            |       |    10 |   142 |   394 |    21 ||   567
 Cast: Magic Dart        |    67 |    29 |    14 |     3 |     4 ||   117
       Searing Ray       |     3 |    10 |    42 |    43 |     1 ||    99
       Iskenderun's Myst |       |       |     2 |    31 |       ||    33
       Iskenderun's Batt |       |       |       |     2 |     2 ||     4
Evoke: Wand              |       |       |     1 |     3 |    13 ||    17
       Phantom mirror    |       |       |       |     1 |       ||     1
  Use: Scroll            |       |     7 |     5 |    10 |     3 ||    25
 Stab: Sleeping          |       |       |     5 |     9 |     1 ||    15
       Paralysed         |       |       |       |     2 |     4 ||     6
       Distracted        |       |       |       |     1 |       ||     1
Armor: Robe              |     1 |     5 |    41 |       |       ||    47
       Ring mail         |     2 |       |       |       |       ||     2
       Troll leather arm |       |       |     2 |   152 |    10 ||   164
Dodge: Dodged            |    11 |    19 |   127 |   287 |    17 ||   461
Block: Buckler           |       |       |     5 |   103 |    16 ||   124
